 Dungeon Crawl Stone Soup version 0.20.1-1-g8b1a95d (webtiles) character file.

79 vatarom the Firebug (level 4, -2/32 HPs)
             Began as a Demonspawn Fire Elementalist on Oct 2, 2017.
             Slain by an orc
             ... wielding a +0 flail
              (6 damage)
             ... on level 2 of the Dungeon.
             The game lasted 00:06:53 (2730 turns).

vatarom the Firebug (Demonspawn Fire Elementalist)  Turns: 2730, Time: 00:06:53

Health: -2/32      AC:  4    Str:  9    XL:     4   Next: 16%
Magic:  1/7        EV: 12    Int: 17    God:
Gold:   68         SH:  0    Dex: 13    Spells: 2/8 levels left

rFire    . . .     SeeInvis .   d - +0 dagger
rCold    . . .     Gourm    .   (no shield)
rNeg     . . .     Faith    .   a - +0 robe
rPois    .         Spirit   .   (no helmet)
rElec    .         Reflect  .   (no cloak)
rCorr    .         Harm     .   (no gloves)
MR       .....                  (no boots)
Stlth    ++........             (no amulet)
Regen    0.1/turn               (no ring)
MPRegen  0.1/turn               (no ring)

@: no status effects
A: thin metallic scales 1, powered by death 2
a: no special abilities


You were on level 2 of the Dungeon.
You were not hungry.

You visited 1 branch of the dungeon, and saw 3 of its levels.

You collected 68 gold pieces.

Inventory:

Hand Weapons
 d - a +0 dagger (weapon)
Armour
 a - a +0 robe (worn)
Scrolls
 e - 2 scrolls of identify
 g - a scroll of enchant weapon
 h - a scroll of immolation
 i - 2 scrolls of magic mapping
Books
 b - a book of Flames

   Spells                             Type                      Level
   a - Flame Tongue                   Conjuration/Fire             1
   b - Throw Flame                    Conjuration/Fire             2
   c - Conjure Flame                  Conjuration/Fire             3
   d - Inner Flame                    Hexes/Fire                   3
   e - Sticky Flame                   Conjuration/Fire             4
   f - Fireball                       Conjuration/Fire             5
Comestibles
 c - 3 bread rations
 f - a meat ration
 j - a chunk of flesh


   Skills:
 + Level 1.4 Fighting
 - Level 1.7 Dodging
 - Level 1.7 Stealth
 + Level 2.5 Spellcasting
 * Level 2.5 Conjurations
 + Level 3.1 Fire Magic


You had 2 spell levels left.
You knew the following spells:

 Your Spells              Type           Power        Failure   Level  Hunger
a - Flame Tongue          Conj/Fire      ##...        5%          1    #......
b - Throw Flame           Conj/Fire      ##....       9%          2    ##.....
c - Conjure Flame         Conj/Fire      ##......     17%         3    ###....


Dungeon Overview and Level Annotations

Branches:
Dungeon (3/15)

Altars:


Innate Abilities, Weirdness & Mutations

You are partially covered in thin metallic scales. (AC +2)
You regenerate health from kills.


Message History

The orc hits you with a flail.
You barely miss the orc.
The orc is heavily wounded.
You completely miss the orc.
The orc is heavily wounded.
The orc hits you with a flail.
You hit the orc.
The orc is severely wounded.
The orc hits you with a flail.
You hit the orc.
The orc is almost dead.
The orc hits you with a flail!
* * * LOW HITPOINT WARNING * * *
You hit the orc but do no damage.
The orc is severely wounded.
The orc barely misses you.
You barely miss the orc.
The orc is severely wounded.
The orc hits you with a flail.
You die...

#.##.##.# ##)## #.#
#.##.##.# #.# ####.#
#.......# #.# #....#
####.####### ##.##
#.#### #.#.....###...##
#.# #.#.###.##.....#####
#.# #.......###........#
#.#
###.##..####.#####.###.#
#.##......)@o........#
#.....####(#####.#####
####### #(#####.#
#.......# #.####### #.#
#.# #.# ###### #######
#.# #....#


You could see an orc.

Vanquished Creatures
  2 adders (D:2)
  2 dart slugs (D:1)
  A leopard gecko (D:1)
  An orc (D:2)
  9 bats
  2 giant cockroaches (D:2)
  8 goblins
  9 hobgoblins
  4 jackals (D:1)
  3 quokkas (D:2)
  4 frilled lizards
  2 kobolds (D:2)
  3 rats
50 creatures vanquished.

Notes
Turn   | Place    | Note
-------+----------+-------------------------------------------
     0 | D:1      | vatarom the Demonspawn Fire Elementalist began the quest for the Orb.
     0 | D:1      | Reached XP level 1. HP: 13/13 MP: 3/3
   297 | D:1      | Gained mutation: You are partially covered in thin metallic scales. (AC +2) [demonic ancestry]
   297 | D:1      | Reached XP level 2. HP: 20/20 MP: 3/5
   624 | D:1      | Learned a level 2 spell: Throw Flame
   976 | D:1      | Gained mutation: You regenerate a little health from kills. [demonic ancestry]
   976 | D:1      | Reached XP level 3. HP: 20/25 MP: 0/6
  1366 | D:1      | Reached skill level 1 in Fighting
  1536 | D:1      | Learned a level 3 spell: Conjure Flame
  1934 | D:2      | Reached skill level 3 in Fire Magic
  2519 | D:2      | Gained mutation: You regenerate health from kills. [demonic ancestry]
  2519 | D:2      | Reached XP level 4. HP: 27/32 MP: 1/7
  2730 | D:2      | Slain by an orc

Skill      XL: |  1  2  3 |
---------------+----------+-----
Conjurations   | 2 |  2.5
Fighting       | 1 |  1.4
Fire Magic     | 3 |  3.1
Dodging        | |  1.7
Stealth        | |  1.7
Spellcasting   | |  2.5

Action                   |  1- 3 |  4- 6 || total
-------------------------+-------+-------++-------
Melee: Unarmed           |    25 |       ||    25
       Dagger            |    49 |    11 ||    60
 Cast: Flame Tongue      |    77 |     9 ||    86
       Throw Flame       |     1 |       ||     1
  Use: Scroll            |     5 |       ||     5
 Stab: Sleeping          |     1 |       ||     1
  Eat: Chunk             |     6 |     1 ||     7
Armor: Robe              |    45 |     1 ||    46
Dodge: Dodged            |    97 |    13 ||   110
